 Dungeon Crawl Stone Soup version 0.23.2-33-g5129a83184 (webtiles) character file.

Game seed: 8596555899534476257

326 psyvane the Conjurer (level 6, -3/36 HPs)
             Began as an Octopode Conjurer on July 6, 2019.
             Slain by an iguana (14 damage)
             ... on level 4 of the Dungeon.
             The game lasted 00:14:48 (3560 turns).

psyvane the Conjurer (Octopode Conjurer)            Turns: 3560, Time: 00:14:49

Health: -3/36      AC:  2    Str:  8    XL:     6   Next: 49%
Magic:  10/18      EV: 13    Int: 17    God:
Gold:   169        SH:  0    Dex: 14    Spells: 3/9 levels left

rFire    . . .     SeeInvis .   o - +0 trident
rCold    . . .     Gourm    .   (no shield)
rNeg     . . .     Faith    .   e - +1 hat
rPois    .         Spirit   .   (no amulet)
rElec    .         Reflect  .   i - ring of magical power
rCorr    .         Harm     .   (no ring)
MR       .....                  (no ring)
Stlth    +++.......             (no ring)
HPRegen  0.12/turn              (no ring)
MPRegen  0.16/turn              (no ring)
                                (no ring)
                                (no ring)

@: no status effects
A: almost no armour, stealthy swim, amphibious, 8 rings, constrict 8, camouflage
1, gelatinous body 1
a: no special abilities


You were on level 4 of the Dungeon.
You were not hungry.

You visited 1 branch of the dungeon, and saw 4 of its levels.

You collected 169 gold pieces.

Inventory:

Hand Weapons
 o - a +0 trident (weapon)
 s - a +0 spear
Armour
 e - a +1 hat (worn)
 k - a +0 shield
Jewellery
 i - a ring of magical power (left tentacle)
 l - a cursed ring of attention
Scrolls
 c - 4 scrolls of remove curse
 d - 3 scrolls of amnesia {unknown}
 f - 2 scrolls of teleportation {unknown}
 h - 2 scrolls of magic mapping {unknown}
 p - a scroll of fog {unknown}
 r - a scroll of enchant weapon {unknown}
Potions
 a - a potion of ambrosia
 g - 2 potions of brilliance {unknown}
 j - a potion of magic
 m - a potion of flight {unknown}
 n - a potion of haste {unknown}
 q - a potion of curing {unknown}
 t - a potion of degeneration {unknown}
Comestibles
 b - 6 rations


   Skills:
 - Level 2.2 Dodging
 - Level 2.7 Stealth
 - Level 2.0 Spellcasting
 - Level 6.3 Conjurations
 * Level 3.6 Hexes


You had 3 spell levels left.
You knew the following spells:

 Your Spells              Type           Power        Failure   Level  Hunger
a - Magic Dart            Conj           ###.         1%          1    #......
b - Searing Ray           Conj           ###...       2%          2    ###....
c - Dazzling Spray        Conj/Hex       ###...       8%          3    ###....

Your spell library contained the following spells:

 Spells                   Type           Power        Failure   Level  Hunger
 Iskenderun's Mystic Bla  Conj           ###.....     14%         4    #####..
 Fulminant Prism          Conj/Hex       ###.......   24%         4    #####..
 Force Lance              Conj/Tloc      ##......     45%         4    #####..


Dungeon Overview and Level Annotations

Branches:
Dungeon (4/15)
 Temple: D:4-7

Altars:
Nemelex Xobeh


Innate Abilities, Weirdness & Mutations

You cannot wear most types of armour.
You are very stealthy in the water. (Stealth+)
You are amphibious.
You can wear up to eight rings at the same time.
You can use your tentacles to constrict eight enemies at once.
Your skin changes colour to match your surroundings (Stealth+).
Your rubbery body absorbs attacks. (AC +1, EV +1)


Message History

The ogre hits you with a +0 giant club!!
Ouch! That really hurt!
The ogre closely misses you.
Casting: Searing Ray (safe; 2% risk of failure)
Confirm with . or Enter, or press ? or * to list all spells.
Aiming: Magic Dart (safe; 1% risk of failure)
Press: ? - help, Shift-Dir - straight line, f/p - ogre
Aim: an ogre, wielding a +0 giant club (almost dead)
The magic dart hits the ogre.
You kill the ogre!
Your Hexes skill increases to level 3!
Casting: Magic Dart (safe; 1% risk of failure)
Confirm with . or Enter, or press ? or * to list all spells.
Aiming: Magic Dart (safe; 1% risk of failure)
Press: ? - help, Shift-Dir - straight line, f - iguana
Aim: an iguana (moderately wounded)
The magic dart hits the iguana but does no damage.
The iguana is moderately wounded.
The iguana bites you!
You die...

#######
#<..@.#
#####l#
.# .#
†. ..
... ../


You could see an iguana.

Vanquished Creatures
  An ogre (D:4)
  2 orc priests (D:3)
  Terence (D:2)
  6 adders
  An adder skeleton (D:4)
  A worm (D:3)
  A dart slug (D:1)
  5 leopard geckos
  6 orcs
  3 bats
  3 giant cockroaches
  9 hobgoblins
  7 jackals
  9 kobolds
  A quokka (D:2)
  2 ball pythons
  5 frilled lizards
  13 goblins
  9 rats
85 creatures vanquished.

Notes
Turn   | Place    | Note
-------+----------+-------------------------------------------
     0 | D:1      | psyvane the Octopode Conjurer began the quest for the Orb.
     0 | D:1      | Reached XP level 1. HP: 11/11 MP: 3/3
   272 | D:1      | Reached XP level 2. HP: 14/17 MP: 0/5
   276 | D:1      | Learned a level 2 spell: Searing Ray
   445 | D:1      | Reached XP level 3. HP: 19/21 MP: 3/6
   686 | D:1      | Learned a level 3 spell: Dazzling Spray
   911 | D:2      | Noticed Terence
   921 | D:2      | Killed Terence
   921 | D:2      | Reached skill level 5 in Conjurations
   921 | D:2      | Reached XP level 4. HP: 20/27 MP: 5/7
  1502 | D:2      | Reached skill level 6 in Conjurations
  1613 | D:2      | Reached XP level 5. HP: 31/31 MP: 8/8
  1984 | D:3      | Reached skill level 1 in Hexes
  2332 | D:3      | Found a faded altar of an unknown god.
  3105 | D:3      | Found a sparkling altar of Nemelex Xobeh.
  3306 | D:4      | Reached XP level 6. HP: 36/36 MP: 9/9
  3560 | D:4      | Slain by an iguana

Skill      XL: |  1  2  3  4  5  6 |
---------------+-------------------+-----
Conjurations   | 5 6 |  6.3
Hexes          | 2 3 |  3.6
Dodging        | |  2.2
Stealth        | |  2.7
Spellcasting   | |  2.0

Action                   |  1- 3 |  4- 6 || total
-------------------------+-------+-------++-------
Melee: Unarmed           |    30 |       ||    30
       Constrict         |     9 |       ||     9
       Tentacles         |     4 |       ||     4
 Cast: Magic Dart        |    40 |   118 ||   158
       Searing Ray       |     2 |     4 ||     6
       Dazzling Spray    |     1 |       ||     1
  Use: Scroll            |       |     4 ||     4
  Eat: Chunk             |       |    11 ||    11
Armor: Skin              |    12 |     5 ||    17
Dodge: Dodged            |    25 |    17 ||    42
